Map: Catalyst LE

Players

Scarlett

  • Race: Zerg Zerg
  • Spawn Location: 5:00

Namshar - Winner!

  • Race: Zerg Zerg
  • Spawn Location: 11:00

Event: WCS Leipzig 2018

VOD

Have the link to the VOD?

Description

Time

  • Played on: Jan. 26, 2018, 2:03 p.m.
  • Length: 12:33

All games in this series

Show
View Real Time Build Order
Export as new Build Order

Scarlett Zerg 

Build Orders: Hatch First, Muta Ling Bane 

Get SALT Encoding   

  12  0:00  Drone  
  13  0:12  Overlord  
  13  0:17  Drone  
  14  0:30  Drone x2  
  14  0:34  Drone  
  17  0:51  Hatchery  
  17  0:55  Drone  
  17  0:57  Drone  
  18  1:08  Extractor  
  17  1:12  Spawning Pool  
  17  1:17  Drone  
  17  1:19  Drone  
  18  1:29  Drone  
  20  1:40  Drone  
  20  1:49  Overlord  
  20  1:58  Queen  
  22  2:03  Queen  
  22  2:05  Drone x2  
  26  2:09  Metabolic Boost  
  26  2:15  Drone x2  
  28  2:24  Drone  
  28  2:25  Drone  
  30  2:33  Zergling x2  
  30  2:36  Zergling x2  
  32  2:39  Hatchery  
  31  2:46  Baneling Nest  
  31  2:50  Queen  
  32  2:55  Overlord  
  32  3:00  Drone x2  
  34  3:05  Drone  
  34  3:06  Drone  
  34  3:10  Overlord  
  36  3:15  Zergling x4  
  38  3:25  Drone x3  
  41  3:37  Drone x2  
  41  3:38  Baneling x2  
  41  3:39  Queen  
  45  3:45  Drone x2  
  48  3:48  Drone x3  
  48  3:51  Drone  
  51  3:56  Extractor  
  51  3:57  Drone x2  
  52  4:03  Drone  
  52  4:04  Drone  
  52  4:07  Drone, Extractor  
  54  4:15  Drone  
  54  4:16  Drone x3  
  58  4:17  Overlord x2  
  58  4:21  Roach Warren  
  58  4:22  Lair  
  57  4:27  Overlord  
  57  4:28  Drone  
  58  4:35  Overlord  
  58  4:36  Drone, Extractor  
  58  4:44  Drone x5  
  58  4:45  Drone x3  
  65  4:49  Drone x2  
  67  4:53  Drone x2  
  67  4:58  Overlord  
  69  5:00  Drone x5, Extractor  
  69  5:01  Extractor  
  69  5:05  Overlord  
  71  5:10  Drone x2, Overlord  
  73  5:14  Drone  
  73  5:19  Zergling x4  
  73  5:20  Drone x2, Spire  
  77  5:24  Overseer  
  77  5:26  Drone  
  77  5:27  Drone x4  
  80  5:28  Drone  
  80  5:33  Drone  
  82  5:36  Zergling x4  
  82  5:37  Zergling x2  
  82  5:40  Overlord  
  85  5:49  Zergling x2  
  87  5:50  Zergling x2  
  86  6:01  Zergling x16  
  94  6:06  Baneling x2  
  93  6:15  Hatchery  
  88  6:23  Overlord  
  88  6:25  Evolution Chamber  
  87  6:31  Mutalisk x12  
  111  6:37  Mutalisk x2, Zerg Flyer Weapons Level 1  
  114  6:45  Mutalisk  
  116  6:48  Mutalisk  
  116  6:50  Zergling x4  
  116  6:51  Zergling x4  
  121  6:54  Mutalisk  
  121  6:58  Extractor  
  121  7:00  Extractor  
  121  7:01  Drone x2, Spine Crawler x2  
  120  7:04  Zerg Melee Weapons Level 1  
  119  7:10  Centrifical Hooks  
  119  7:12  Zergling x14  
  119  7:13  Zergling x2  
  127  7:17  Overlord x2  
  127  7:18  Overlord  
  127  7:21  Overseer  
  127  7:22  Pneumatized Carapace  
  126  7:35  Mutalisk x2  
  129  7:44  Mutalisk x2  
  129  7:46  Zergling x8  
  129  7:47  Zergling x18  
  146  7:55  Zergling x6  
  146  7:56  Zergling x6  
  145  8:14  Mutalisk x5  
  143  8:21  Mutalisk  
  143  8:23  Zergling x8  
  143  8:24  Zergling x10  
  141  8:31  Drone  
  137  8:41  Zergling x2  
  137  8:42  Zergling x6  
  137  8:46  Mutalisk x2, Zerg Flyer Weapons Level 2  
  144  8:48  Zergling x4  
  142  9:08  Zerg Melee Weapons Level 2  
  142  9:09  Mutalisk  
  132  9:10  Mutalisk x3  
  132  9:11  Zergling x2  
  132  9:12  Zergling x14  
  132  9:14  Zergling x10  
  150  9:19  Hatchery, Overlord  
  150  9:22  Overseer  
  149  9:24  Drone x2  
  149  9:25  Drone  
  152  9:32  Mutalisk  
  152  9:33  Mutalisk x3  
  156  9:40  Zergling x8  
  156  9:43  Baneling x6  
  156  9:44  Baneling x5  
  160  9:51  Zergling x4  
  160  9:52  Zergling x4  
  154  10:11  Mutalisk  
  154  10:12  Mutalisk x5  
  154  10:13  Zergling x8  
  154  10:14  Zergling x8  
  142  10:20  Mutalisk  
  122  10:22  Zergling x6  
  122  10:24  Queen x2  
  125  10:33  Mutalisk x3  
  125  10:34  Zergling x6  
  131  10:42  Mutalisk x2  
  111  10:43  Zergling x4  
  103  10:53  Mutalisk, Zergling x2  
  103  10:54  Zergling x4  
  100  11:02  Drone  
  100  11:03  Drone x3  
  89  11:16  Drone  
  89  11:17  Drone x5  
  87  11:31  Zergling x10  
  92  11:39  Zergling x12  
  98  11:50  Baneling  
  98  11:51  Baneling x2  
  98  11:52  Baneling x5  
  98  11:54  Baneling  
  98  11:55  Baneling  
  98  11:58  Baneling x2  
  98  11:59  Baneling x4  
  98  12:00  Mutalisk x3  
  104  12:05  Zergling x8  
Show
View Real Time Build Order
Export as new Build Order

Namshar Zerg - Winner!

Build Orders: Hatch First 

Get SALT Encoding   

  12  0:00  Drone  
  13  0:12  Overlord  
  13  0:17  Drone  
  14  0:30  Drone x2  
  14  0:34  Drone  
  17  0:51  Hatchery  
  17  0:54  Drone  
  17  0:58  Drone  
  17  1:01  Extractor  
  17  1:13  Spawning Pool  
  17  1:16  Drone  
  17  1:20  Drone  
  18  1:28  Drone  
  19  1:43  Overlord  
  19  1:49  Drone  
  20  2:00  Queen  
  20  2:01  Metabolic Boost  
  22  2:02  Zergling x2  
  22  2:04  Queen  
  22  2:08  Zergling x2  
  26  2:11  Drone  
  26  2:14  Drone  
  28  2:22  Drone  
  29  2:25  Drone  
  30  2:31  Drone  
  30  2:36  Drone  
  32  2:41  Hatchery  
  31  2:47  Baneling Nest  
  31  2:50  Drone  
  31  2:55  Overlord  
  31  2:58  Drone x2  
  33  3:06  Drone  
  33  3:09  Drone  
  35  3:13  Zergling x2  
  35  3:14  Zergling x2  
  35  3:15  Queen  
  35  3:17  Drone  
  35  3:19  Drone  
  41  3:23  Overlord  
  41  3:27  Zergling x2  
  41  3:28  Drone  
  41  3:30  Baneling x2  
  41  3:31  Drone  
  44  3:36  Overlord  
  44  3:44  Drone x3  
  44  3:48  Evolution Chamber  
  46  3:49  Extractor  
  46  3:50  Drone x3  
  46  3:55  Drone x3  
  51  4:04  Drone  
  52  4:10  Drone  
  52  4:12  Drone  
  52  4:13  Overlord  
  52  4:15  Zerg Missile Weapons Level 1  
  52  4:16  Drone x4  
  58  4:21  Zergling x2  
  58  4:22  Overlord  
  58  4:24  Lair  
  59  4:27  Drone x2  
  59  4:31  Drone  
  62  4:34  Overlord  
  62  4:37  Drone  
  62  4:38  Roach Warren  
  61  4:42  Drone x3  
  64  4:49  Baneling x2  
  64  4:51  Drone  
  64  4:52  Extractor  
  64  4:55  Drone x2, Extractor  
  64  4:57  Spore Crawler  
  65  5:01  Drone x3  
  65  5:02  Drone x2  
  65  5:04  Overlord  
  65  5:06  Drone x2  
  71  5:08  Drone  
  71  5:09  Drone x3  
  71  5:13  Zergling x4  
  76  5:19  Hatchery  
  75  5:22  Glial Reconstitution  
  75  5:23  Pneumatized Carapace, Drone  
  75  5:25  Evolution Chamber  
  74  5:31  Zergling x4  
  74  5:33  Overlord  
  74  5:34  Overlord  
  75  5:38  Drone x4, Extractor x2  
  75  5:39  Overlord  
  75  5:42  Roach x3  
  83  5:44  Roach  
  83  5:45  Unknown  
  85  5:51  Overlord x2  
  87  5:57  Roach x5  
  87  6:01  Overseer  
  95  6:05  Zerg Ground Armor Level 1  
  95  6:07  Queen  
  94  6:18  Roach x5  
  103  6:23  Infestation Pit  
  103  6:25  Drone x2  
  104  6:27  Hydralisk Den  
  104  6:28  Roach x5  
  113  6:35  Ravager  
  113  6:36  Overlord  
  113  6:40  Drone  
  113  6:41  Spore Crawler  
  113  6:42  Drone x2, Spore Crawler  
  113  6:45  Drone x2, Spore Crawler  
  113  6:46  Spore Crawler  
  114  6:51  Drone  
  113  6:54  Spore Crawler  
  113  6:56  Muscular Augments  
  112  7:01  Overlord  
  112  7:02  Infestor x2  
  112  7:05  Infestor  
  112  7:07  Overlord  
  112  7:08  Queen  
  120  7:16  Overlord  
  120  7:17  Overlord  
  120  7:19  Hydralisk x4  
  120  7:22  Overlord  
  128  7:27  Hydralisk x2  
  125  7:37  Overlord  
  123  7:46  Hydralisk  
  123  7:47  Hydralisk x5  
  123  7:50  Hydralisk x2  
  139  7:55  Extractor  
  139  7:56  Spore Crawler  
  139  7:57  Drone x3  
  140  8:07  Hydralisk x3  
  138  8:19  Unknown  
  127  8:29  Spore Crawler  
  127  8:31  Roach x7  
  128  8:35  Drone x3, Queen  
  128  8:39  Roach x5  
  140  8:53  Spore Crawler  
  139  8:59  Infestor  
  139  9:00  Hydralisk x3  
  146  9:16  Overlord x4  
  146  9:27  Unknown  
  146  9:33  Overlord  
  146  9:34  Overlord  
  146  9:38  Hydralisk x3  
  146  9:39  Roach x6  
  164  9:49  Roach  
  164  9:50  Roach x2  
  170  9:55  Unknown  
  152  10:15  Hydralisk x6  
  152  10:16  Hydralisk  
  152  10:21  Hydralisk x3  
  148  10:38  Hydralisk x6  
  156  10:47  Hydralisk x2  
  156  10:48  Hydralisk  
  133  11:00  Hydralisk  
  133  11:01  Hydralisk x4  
  133  11:02  Roach  
  123  11:15  Roach x6  
  133  11:21  Roach x2  
  127  11:31  Roach x6  
  139  11:37  Roach x2  
  143  11:41  Unknown  
  143  11:44  Roach x2  
  147  11:49  Roach x3  
  151  12:09  Roach x4  
  151  12:10  Roach  
Tags
 
Add a new tag
Caveats
  • Supply blocks, unpowered buildings, or Contaminate may cause inaccurate times.
  • Supply counts are checked every 10 seconds.